Map: Paladino Terminal LE

Players

Goldfish - Winner!

  • Race: Zerg Zerg
  • League: Diamond
  • Spawn Location: 5:00

Musumeci

  • Race: Zerg Zerg
  • League: Diamond
  • Spawn Location: 9:00

VOD

Have the link to the VOD?

Description

Time

  • Played on: Feb. 1, 2017, 1:15 p.m.
  • Length: 9:41
Show
View Real Time Build Order
Export as new Build Order

Goldfish Zerg - Winner!

Build Orders: Pool First, Zergling Baneling 

Get SALT Encoding   

  12  0:02  Drone  
  13  0:19  Drone  
  13  0:20  Overlord  
  14  0:30  Drone, Extractor  
  15  0:40  Drone  
  15  0:42  Drone, Extractor  
  16  0:52  Drone  
  16  0:56  Spawning Pool  
  16  1:03  Drone  
  17  1:24  Drone  
  18  1:45  Hatchery  
  18  1:47  Zergling x4  
  18  1:50  Metabolic Boost  
  19  1:54  Drone  
  20  2:08  Queen  
  22  2:17  Baneling Nest  
  22  2:18  Drone  
  22  2:21  Overlord  
  22  2:28  Extractor  
  21  2:32  Zergling x2  
  21  2:38  Zergling x2  
  21  2:43  Zergling x2  
  24  2:48  Queen  
  26  3:05  Zergling x6  
  28  3:07  Spine Crawler  
  27  3:19  Zergling x6  
  30  3:31  Baneling x2  
  30  3:32  Baneling  
  30  3:39  Baneling x2  
  30  3:48  Drone x3  
  31  3:49  Drone  
  34  3:56  Overlord  
  32  4:04  Zergling x6  
  32  4:08  Baneling  
  29  4:41  Baneling x5  
  29  4:44  Zergling x6  
  32  4:52  Evolution Chamber  
  31  4:53  Baneling x2  
  31  5:00  Zergling x6  
  34  5:18  Zergling x6  
  34  5:19  Zergling x2  
  34  5:20  Zerg Melee Weapons Level 1  
  36  5:37  Roach Warren  
  36  5:38  Drone x5  
  35  5:59  Zergling x8  
  35  6:00  Zergling x4  
  39  6:13  Baneling x3  
  28  6:28  Zergling x8  
  30  6:45  Roach x4  
  38  6:55  Zergling x4  
  38  6:56  Baneling  
  38  6:57  Baneling x2  
  40  7:03  Overlord  
  40  7:12  Drone x3  
  43  7:32  Roach x3  
  43  7:35  Overlord  
  49  7:39  Drone x2  
  49  7:40  Overlord  
  49  7:41  Extractor  
  50  8:00  Drone x5  
  50  8:01  Drone x3  
  50  8:04  Lair  
  55  8:13  Baneling  
  55  8:27  Zergling x8  
  55  8:28  Zergling x6  
  55  8:33  Drone x2  
  55  8:34  Drone x2  
  63  9:04  Zergling x10  
  68  9:23  Hatchery  
  66  9:29  Drone  
Show
View Real Time Build Order
Export as new Build Order

Musumeci Zerg 

Build Orders: Pool First, Zergling Baneling 

Get SALT Encoding   

  12  0:01  Drone  
  13  0:08  Drone  
  14  0:19  Overlord, Extractor  
  13  0:29  Drone  
  15  0:37  Drone x2  
  15  0:42  Extractor  
  16  0:51  Spawning Pool  
  15  1:29  Hatchery  
  15  1:30  Drone x2  
  16  1:41  Zergling x4  
  17  1:49  Metabolic Boost  
  17  1:55  Zergling x2  
  18  2:07  Queen  
  20  2:16  Baneling Nest  
  20  2:20  Zergling x2  
  18  2:40  Zergling x6  
  21  2:49  Zergling x2  
  23  3:05  Zergling x2  
  23  3:06  Zergling x6  
  25  3:19  Baneling  
  25  3:20  Baneling  
  25  3:22  Zergling x4  
  26  3:39  Zergling x4  
  27  3:52  Baneling  
  27  3:53  Baneling x3  
  27  3:54  Zergling x2  
  23  4:12  Zergling x4  
  23  4:13  Zergling x6  
  21  4:38  Zergling x2  
  21  4:39  Zergling x6  
  26  4:45  Drone  
  26  4:46  Drone  
  27  4:53  Baneling x2  
  27  4:59  Overlord  
  24  5:33  Zergling x16  
  32  5:35  Baneling  
  30  5:52  Baneling  
  30  5:53  Baneling  
  30  5:54  Baneling  
  30  6:01  Baneling x2  
  19  6:28  Zergling x14  
  19  6:29  Zergling x6  
  28  6:45  Queen  
  31  6:47  Zergling x6  
  33  7:01  Zergling x4  
  35  7:04  Overlord  
  35  7:11  Drone  
  36  7:22  Drone x4  
  39  7:33  Drone x3  
  41  7:53  Roach Warren  
  41  7:56  Hatchery  
  36  8:13  Drone x7  
  43  8:30  Drone  
  43  8:33  Overlord x4  
  40  9:00  Drone x7  
  44  9:05  Extractor x2  
  42  9:11  Zergling x4  
Tags
 
Add a new tag
Caveats
  • Supply blocks, unpowered buildings, or Contaminate may cause inaccurate times.
  • Supply counts are checked every 10 seconds.